 Dungeon Crawl Stone Soup version 0.30-a0-996-ga6910c8ee8 (webtiles) character file.

Game seed: 13039212734732824515

793 DiggyJ the Ruffian (level 7, -1/82 HPs)
             Began as a Demonspawn Berserker on Apr 4, 2023.
             Was a Priest of Trog.
             Slain by an orc priest
             ... wielding a +0 morningstar
              (13 damage)
             ... on level 7 of the Dungeon.
             The game lasted 00:05:58 (4597 turns).

DiggyJ the Ruffian (Demonspawn Berserker)           Turns: 4597, Time: 00:05:58

Health: -1/82      AC:  3    Str: 20    XL:     7   Next: 57%
Magic:  7/7        EV: 13    Int:  8    God:    Trog [***...]
Gold:   281        SH:  0    Dex: 12    Spells: 6/6 levels left

rFire   . . .      SeeInvis .      - Unarmed
rCold   . . .      Faith    .    (no shield)
rNeg    . . .      Spirit   .    a - +0 animal skin
rPois   .          Reflect  .    (no helmet)
rElec   .          Rampage  .    (no cloak)
rCorr   +                        (no gloves)
Will    .....                    (no boots) Stlth
                                 d - amulet of magic regeneration
HPRegen 0.33/turn                f - ring of resist corrosion
MPRegen 0.50/turn                w - +4 ring of slaying

@: berserking (expiring), very quick
A: claws 2, powered by death 1, sharp scales 1
a: Renounce Religion, Berserk, Trog's Hand


You were on level 7 of the Dungeon.
You worshipped Trog.
Trog was most pleased with you.
You visited 1 branch of the dungeon, and saw 6 of its levels.

You collected 281 gold pieces.

Inventory:

Armour
 a - a +0 animal skin (worn)
Jewellery
 d - an amulet of magic regeneration (around neck)
 f - a ring of resist corrosion (left claw)
 w - a +4 ring of slaying (right claw)
Wands
 k - a wand of digging (4)
 s - a wand of flame (15)
 t - a wand of quicksilver (9)
 v - a wand of iceblast (5)
Scrolls
 e - a scroll of enchant weapon {unknown}
 h - a scroll of enchant armour {unknown}
 i - a scroll of magic mapping (quivered) {unknown}
 j - 2 scrolls of summoning {unknown}
 l - a scroll of brand weapon {unknown}
 m - 4 scrolls of teleportation {unknown}
 o - a scroll of amnesia
 r - 2 scrolls of blinking {unknown}
Potions
 b - 3 potions of heal wounds
 c - 4 potions of curing
 g - 3 potions of brilliance
 n - a potion of invisibility {unknown}
 p - 2 potions of haste
 q - a potion of cancellation {unknown}
 u - a potion of ambrosia {unknown}


   Skills:
 + Level 4.5 Fighting
 + Level 2.0 Armour
 + Level 3.8 Dodging
 + Level 1.8 Stealth
 + Level 6.3 Unarmed Combat


You had 6 spell levels left.
You didn't know any spells.
Your spell library was empty.

Dungeon Overview and Level Annotations

Branches:
Dungeon (7/15)             Temple (0/1) D:4

Altars:
Sif Muna

Shops:
D:4 (


Innate Abilities, Weirdness & Mutations

You have very sharp fingernails.
You regenerate a little health from kills.
You are partially covered in razor-sharp scales. (AC +1, Slay +1)


Message History

You feel a strong urge to attack something.
The orc shouts!
The orc barely misses you.
The orc wizard hits you with a +0 dagger.
The orc barely misses you.
The orc priest mumbles some strange prayers to Beogh against you.
Beogh smites you!
You miss the orc wizard. Your claw misses the orc wizard.
You scratch the orc wizard.
The orc wizard is moderately wounded.
The orc hits you with a +0 club. x2; The orc hits you but does no damage.
The orc wizard gestures at you while chanting.
You resist with some effort.
You barely miss the orc wizard.
The orc wizard is moderately wounded.
You barely miss the orc wizard.
The orc wizard is moderately wounded.
The orc barely misses you.
The orc wizard hits you with a +0 dagger.
The orc hits you with a +0 hand axe. The orc barely misses you.
You claw the orc wizard!
You kill the orc wizard!
Trog accepts your kill.
Trog appreciates your killing of a magic user.
The orc priest begins to cast a cantrip, but forgets the words!
The orc hits you with a +0 club.
* * * LOW HITPOINT WARNING * * *
The orc closely misses you. The orc hits you with a +0 hand axe.
* * * LOW HITPOINT WARNING * * *
The orc hits you with a +0 hand axe.
* * * LOW HITPOINT WARNING * * *
You mangle the orc!!
You kill the orc!
Trog accepts your kill. The orc hits you with a +0 club.
* * * LOW HITPOINT WARNING * * *
The orc hits you with a +0 club.
* * * LOW HITPOINT WARNING * * *
The orc priest hits you with a +0 morningstar!
You die...

#..#.## #......# #....#
##......## #....##
####........#
##.....###.##.......##
###.)#....#............#
#............#......#.###
..###........###...##...#
.#....)oo........##>....
.....o.o@##......##...##.
........o.##..........# #
................###....#
..........#.#.#.# ##....#
.........######## ###...
......... ##. ......... #
.......##


You could see an orc priest and 4 orcs.

Vanquished Creatures
  Sigmund (D:4)
  2 scorpions (D:5)
  3 wights (D:4)
  An orc priest (D:5)
  A hound (D:5)
  Ijyb (D:3)
  Natasha (thrice) (D:4)
  2 orc wizards (D:7)
  2 iguanas
  2 adders
  A shadow imp (D:5)
  An ufetubus (D:4)
  A worm (D:5)
  2 dart slugs
  6 orcs
  8 ball pythons
  7 endoplasms
  2 giant cockroaches (D:4)
  6 goblins
  9 hobgoblins
  6 jackals (D:1)
  4 frilled lizards
  9 kobolds
  5 rats
85 creatures vanquished.

Notes
Turn   | Place    | Note
-------+----------+-------------------------------------------
     0 | D:1      | DiggyJ the Demonspawn Berserker began the quest for the
                  | Orb.
     0 | D:1      | Reached XP level 1. HP: 18/18 MP: 1/1
   167 | D:1      | Gained mutation: You are partially covered in razor-sharp
                  | scales. (AC +1, Slay +1) [demonic ancestry]
   167 | D:1      | Reached XP level 2. HP: 2/24 MP: 2/2
   383 | D:1      | Reached skill level 3 in Unarmed Combat
   714 | D:1      | Reached ** piety under Trog
   715 | D:1      | Reached XP level 3. HP: 26/29 MP: 3/3
  1881 | D:3      | Noticed Ijyb
  1905 | D:3      | Killed Ijyb
  1906 | D:3      | Gained mutation: You have sharp fingernails. [demonic
                  | ancestry]
  1906 | D:3      | Reached XP level 4. HP: 12/37 MP: 4/4
  2494 | D:4      | Reached skill level 4 in Unarmed Combat
  2546 | D:4      | Gained mutation: You have very sharp fingernails. [demonic
                  | ancestry]
  2546 | D:4      | Reached XP level 5. HP: 41/42 MP: 5/5
  2569 | D:4      | Reached skill level 1 in Stealth
  2569 | D:4      | Reached XP level 6. HP: 35/48 MP: 6/6
  2622 | D:4      | Noticed Sigmund
  2635 | D:4      | Killed Sigmund
  2636 | D:4      | Reached skill level 5 in Unarmed Combat
  2757 | D:4      | Found Bim Nesi's Weapon Shop.
  2843 | D:4      | Found a staircase to the Ecumenical Temple.
  3152 | D:4      | Found a shimmering blue altar of Sif Muna.
  3153 | D:4      | Noticed Natasha
  3164 | D:4      | Killed Natasha
  3313 | D:4      | Noticed Natasha
  3329 | D:4      | Killed Natasha
  3330 | D:4      | Gained mutation: You regenerate a little health from kills.
                  | [demonic ancestry]
  3330 | D:4      | Reached XP level 7. HP: 44/55 MP: 7/7
  3390 | D:4      | Noticed Natasha
  3401 | D:4      | Killed Natasha
  3759 | D:5      | Entered Level 5 of the Dungeon
  3910 | D:5      | Reached skill level 6 in Unarmed Combat
  4549 | D:5      | You fall into a shaft and drop 2 floors!
  4596 | D:7      | Reached *** piety under Trog
  4597 | D:7      | Slain by an orc priest

Illustrated notes

Levels and vault maps discovered:
D:1:      minmay_arrival_up_and_down, layout_loops_ring, minmay_misc_feat_chi,
          minmay_misc_feat_rugged, minmay_misc_feat_doors
D:2:      layout_loops_ring, due_unseen_surprise
D:3:      layout_loops_ring, uniq_ijyb
D:4:      layout_loops_cross, lemuel_round_altar, temple_doors_e, serial_shops,
          shop, uniq_natasha, uniq_sigmund
D:5:      layout_loops_ring, mainiacjoe_overflow_concentric_impassable,
          nzn_wu_jian_contemplation
D:7:      layout_cave_pools, mainiacjoe_overflow_tiny_flanked,
          makhleb_blood_cavern_becter, mainiacjoe_overflow_surrounded_room,
          lemuel_tele_altar, gammafunk_ghost_berserking_beasts

Skill      XL: |  1  2  3  4  5  6  7 |
---------------+----------------------+-----
Dodging        | 2 3 |  3.8
Unarmed Combat | 3 4 5 6 |  6.3
Armour         | 2 |  2.0
Fighting       | 4 |  4.5
Stealth        | 1 |  1.8

Action                     |  1- 3 |  4- 6 |  7- 9 || total
---------------------------+-------+-------+-------++-------
  Melee: Unarmed           |   157 |    70 |    67 ||   294
         Punch             |     3 |     2 |     2 ||     7
 Invoke: Berserk           |       |     2 |     1 ||     3
    Use: Scroll            |       |     1 |     2 ||     3
         Potion            |       |     1 |     1 ||     2
   Stab: Sleeping          |     1 |     1 |       ||     2
 Armour: Animal skin       |    34 |     4 |     4 ||    42
  Dodge: Dodged            |    83 |    40 |    39 ||   162

Table legend: (Time is in decaauts)
 A = Elapsed time spent in this place.
 B = Non-inter-level travel time spent in this place.
 C = Inter-level travel time spent in this place.
 D = Time resting spent in this place.
 E = Time spent auto-exploring this place.
 F = Levels seen in this place.
 G = Mean time per level.
                   A        B        C        D        E       F      G
               +--------+--------+--------+--------+--------+-----+--------+
         Total |   4587 |   4506 |     81 |    733 |   3044 |   6 |  764.5 |
       Dungeon |   4587 |   4506 |     81 |    733 |   3044 |   6 |  764.5 |
               +--------+--------+--------+--------+--------+-----+--------+

Top non-repeatable levels by time:
     D:4: 1291 daAuts
     D:1: 1022 daAuts
     D:3: 806 daAuts
     D:5: 784 daAuts
     D:2: 640 daAuts
     D:7: 43 daAuts
